 Dungeon Crawl Stone Soup version 0.30-b1-2-g02819fbbbe (webtiles) character file.

Game seed: 17561606921236679282

119 sanka the Ducker (level 4, 0/26 HPs)
             Began as a Deep Elf Transmuter on May 8, 2023.
             Slain by a jackal (2 damage)
             ... on level 3 of the Dungeon.
             The game lasted 00:04:11 (1971 turns).

sanka the Ducker (Deep Elf Transmuter)              Turns: 1971, Time: 00:04:11

Health: 0/26       AC:  2    Str:  7    XL:     4   Next: 74%
Magic:  0/3        EV: 15    Int: 23    God:
Gold:   97         SH:  0    Dex: 18    Spells: 8/9 levels left

rFire   . . .        k - +9 hammer of Kiplaqixzo {antimagic, Int+3 Dex+3}
rCold   . . .        (no shield)
rNeg    . . .        a - +0 robe
rPois   .            (helmet currently unavailable)
rElec   .            (no cloak)
rCorr   .            (no gloves)
SInv    .            (boots currently unavailable)
Will    +....        e - amulet of guardian spirit
Stlth   ++           d - ring of willpower
HPRegen 0.24/turn    (no ring)
MPRegen 0.08/turn

%: guardian spirit
@: appendages
A: horns 2, talons 2
a: End Transformation


You were on level 3 of the Dungeon.
You had temporarily grown beastly horns and talons.
You visited 1 branch of the dungeon, and saw 3 of its levels.

You collected 97 gold pieces.

Inventory:

Hand Weapons
 h - a +0 spear
 k - the +9 hammer of Kiplaqixzo (weapon) {antimagic, Int+3 Dex+3}
   (You found it on level 2 of the Dungeon)

   Int:       It affects your intelligence (+3).
   Dex:       It affects your dexterity (+3).
Armour
 a - a +0 robe (worn)
Jewellery
 d - a ring of willpower (left hand)
 e - an amulet of guardian spirit (around neck)
 j - a ring of fire
Scrolls
 f - a scroll of identify {unknown}
 i - a scroll of teleportation {unknown}
 m - a scroll of magic mapping {unknown}
 o - a scroll of amnesia {unknown}
 p - a scroll of brand weapon {unknown}
Potions
 b - a potion of lignification {!q}
 c - a potion of heal wounds {unknown}
 g - a potion of mutation {unknown}
 l - a potion of cancellation {unknown}
 n - a potion of haste {unknown}
 q - a potion of might {unknown}


   Skills:
 - Level 2.0 Fighting
 + Level 5.3 Dodging
 - Level 2.4 Unarmed Combat
 - Level 3.0 Spellcasting
 - Level 2.1 Transmutations


You had 8 spell levels left.
You knew the following spells:

 Your Spells              Type           Power      Damage    Failure   Level
a - Beastly Appendage     Tmut           26%        N/A       4%          1

Your spell library contained the following spells:

 Spells                   Type           Power      Damage    Failure   Level
 Wereblood                Tmut           13%        N/A       7%          2
 Spider Form              Tmut/Pois      8%         N/A       22%         3
 Ozocubu's Armour         Ice            3%         N/A       34%         3
 Ice Form                 Ice/Tmut       8%         N/A       58%         4
 Ozocubu's Refrigeration  Ice            1%         4d7       100%        7


Dungeon Overview and Level Annotations

Branches:
Dungeon (3/15)

Altars:

Annotations:
D:2 1 runed translucent door, Crazy Yiuf


Innate Abilities, Weirdness & Mutations

You have temporarily grown beastly horns and talons.


Message History

The jackal barks!
You grow a pair of large bovine horns.
Your feet morph into talons.
The jackal bites you. The jackal closely misses you.
You hit the jackal. Your kick misses the jackal. You headbutt the jackal.
You kill the jackal!
You hit the iguana. You claw the iguana.
The iguana is heavily wounded.
The iguana bites you. The iguana barely misses you.
You hit the iguana. Your headbutt misses the iguana.
The iguana is heavily wounded.
The iguana bites you!
You closely miss the iguana. You claw the iguana.
You headbutt the iguana, but do no damage.
The iguana is almost dead.
The iguana bites you!
Ouch! That really hurt!
* * * LOW HITPOINT WARNING * * *
The iguana closely misses you.
You hit the iguana.
You kill the iguana!
Your Dodging skill increases to level 5!
Unknown command.
You are too injured to fight recklessly!
You are too injured to fight recklessly!
You are too injured to fight recklessly!
You are too injured to fight recklessly!
You hit the jackal. Your headbutt misses the jackal.
The jackal is almost dead.
The jackal misses you.
You hit the jackal.
The jackal is severely wounded.
The jackal bites you but does no damage.
The jackal closely misses you. The jackal misses you. The jackal bites you.
* * * LOW HITPOINT WARNING * * *
You hit the jackal but do no damage.
The jackal is severely wounded.
The jackal closely misses you. The jackal misses you. The jackal bites you.
* * * LOW HITPOINT WARNING * * *
The jackal bites you.
You die...

.# .........#.#
#.#..........#.#####
####+#+#.+..........'......
.
#........#..........#.#####
..#........#..........#.#
.......†...#..........#.#
...........#..........#.#
...........#h.........#.#
...........h@.........#.#
......†....##########.#.#
.........[.##....# #.#.#
.h......#...#....## #.#.#
.....###..........# #.#.#
..... #..........# #.#.#
..... #..........###...#
#### #...........##)#.#
#######...........##.#.#


You could see 2 jackals.

Vanquished Creatures
  Jessica (D:2)
  An iguana (D:3)
  An adder (D:1)
  3 dart slugs
  7 ball pythons
  2 bats
  6 endoplasms
  A giant cockroach (D:2)
  5 goblins (D:2)
  4 hobgoblins
  2 jackals (D:3)
  2 quokkas
  3 frilled lizards
  10 kobolds
  2 rats (D:1)
50 creatures vanquished.

Notes
Turn   | Place    | Note
-------+----------+-------------------------------------------
     0 | D:1      | sanka the Deep Elf Transmuter began the quest for the Orb.
     0 | D:1      | Reached XP level 1. HP: 11/11 MP: 6/6
    99 | D:1      | Reached skill level 1 in Fighting
   357 | D:1      | Reached XP level 2. HP: 16/17 MP: 4/8
   855 | D:2      | Reached skill level 3 in Dodging
   921 | D:1      | Reached XP level 3. HP: 13/21 MP: 6/9
  1083 | D:2      | Noticed Jessica
  1095 | D:2      | Killed Jessica
  1096 | D:2      | Reached skill level 4 in Dodging
  1260 | D:2      | Reached XP level 4. HP: 26/26 MP: 8/10
  1326 | D:2      | Found a faded altar of an unknown god.
  1379 | D:2      | Identified the +9 hammer of Kiplaqixzo {antimagic, Int+3
                  | Dex+3}
  1386 | D:2      | Found a runed translucent door.
  1387 | D:2      | Noticed Crazy Yiuf
  1969 | D:3      | Reached skill level 5 in Dodging
  1971 | D:3      | Slain by a jackal

Illustrated notes

Levels and vault maps discovered:
D:1:      mrwooster_arrival_statue_3, layout_basic, minmay_tall_x
D:2:      layout_rooms, chequers_ecumenical_altar_simple,
          minmay_misc_feat_encased, grunt_decor_fettered,
          nicolae_figureground_sparkle, uniq_jessica, uniq_crazy_yiuf_cottage
D:3:      layout_basic, marbit_many_paths

Skill      XL: |  1  2  3  4 |
---------------+-------------+-----
Fighting       | 1 2 |  2.0
Dodging        | 3 4 5 |  5.3
Unarmed Combat | |  2.4
Spellcasting   | |  3.0
Transmutations | |  2.1

Action                     |  1- 3 |  4- 6 || total
---------------------------+-------+-------++-------
  Melee: Unarmed           |    89 |       ||    89
         Kick              |    18 |     2 ||    20
         Headbutt          |    13 |     4 ||    17
         Spear             |     2 |     9 ||    11
         Punch             |     1 |       ||     1
         Mace              |       |    29 ||    29
   Cast: Beastly Appendage |    24 |     5 ||    29
   Stab: Sleeping          |     1 |     2 ||     3
 Armour: Robe              |     9 |     4 ||    13
  Dodge: Dodged            |    62 |    22 ||    84
